Map: Dusk Towers

Players

Miszu - Winner!

  • Race: Terran Terran
  • League: Master

SmelC

  • Race: Zerg Zerg
  • League: Master

VOD

Have the link to the VOD?

Description

Time

  • Played on: June 13, 2016, 12:50 p.m.
  • Length: 22:37
Show
View Real Time Build Order
Export as new Build Order

Miszu Terran - Winner!

Build Orders: Reaper Expand, Bio Hellbat 

Get SALT Encoding   

  12  0:01  SCV  
  13  0:13  SCV  
  14  0:20  Supply Depot  
  14  0:25  SCV  
  15  0:42  SCV  
  16  0:44  Barracks  
  16  0:46  Refinery  
  16  0:54  SCV  
  17  1:06  SCV  
  19  1:18  SCV  
  19  1:30  Orbital Command  
  19  1:31  Reaper  
  20  1:40  Command Center  
  20  1:50  Supply Depot  
  20  1:56  SCV  
  21  2:03  Marine  
  21  2:08  SCV  
  23  2:15  Factory  
  23  2:20  SCV  
  24  2:24  Barracks Reactor  
  24  2:33  SCV  
  25  2:43  Command Center  
  25  2:46  SCV  
  26  2:58  SCV  
  27  3:02  Orbital Command  
  27  3:06  Barracks Tech Lab  
  27  3:08  Hellion x2  
  27  3:10  SCV  
  32  3:22  SCV  
  32  3:24  Marine, Stimpack  
  33  3:28  SCV  
  34  3:34  SCV  
  34  3:36  Refinery  
  34  3:38  Factory Reactor  
  34  3:39  Barracks  
  34  3:40  Barracks  
  35  3:41  Marine  
  35  3:42  SCV  
  37  3:52  SCV  
  37  3:54  SCV  
  39  3:59  Marine  
  39  4:00  Orbital Command  
  40  4:04  SCV  
  40  4:09  SCV  
  42  4:15  Engineering Bay x2, Refinery  
  42  4:16  Refinery, SCV  
  43  4:19  Marine  
  43  4:21  SCV  
  45  4:27  Marine  
  45  4:28  SCV, Factory Reactor  
  45  4:29  SCV  
  49  4:33  SCV  
  49  4:36  Starport  
  51  4:39  Marine x2  
  51  4:40  SCV  
  51  4:44  Orbital Command  
  51  4:45  Terran Infantry Weapons Level 1, Terran Infantry Armor Level 1, SCV  
  53  4:47  Supply Depot  
  53  4:52  Supply Depot, SCV  
  54  4:56  Marine  
  54  4:57  Marine, SCV  
  54  4:58  Marine  
  56  5:01  Marine x2  
  56  5:05  SCV  
  57  5:09  SCV  
  57  5:12  SCV, Factory Reactor  
  59  5:14  Marine  
  59  5:17  SCV  
  57  5:22  Marine  
  57  5:23  Marine x3  
  57  5:24  SCV  
  57  5:26  SCV  
  62  5:29  SCV  
  62  5:30  Medivac  
  62  5:31  Medivac  
  62  5:32  Supply Depot, Combat Shields  
  62  5:33  Supply Depot  
  67  5:39  SCV x2  
  69  5:47  SCV  
  69  5:48  Barracks  
  69  5:49  Barracks  
  70  5:52  Armory  
  70  5:53  SCV  
  70  5:54  SCV  
  72  5:59  SCV  
  72  6:00  Supply Depot  
  73  6:05  Marine x2, SCV  
  73  6:06  Marine x3, SCV  
  80  6:14  Hellion x2  
  80  6:16  SCV  
  80  6:18  SCV x2  
  86  6:22  Supply Depot  
  86  6:23  Marine  
  86  6:24  Supply Depot  
  88  6:27  Factory, Refinery  
  88  6:28  Marine  
  88  6:29  Marine x3  
  88  6:30  SCV  
  88  6:31  SCV  
  88  6:32  SCV  
  95  6:41  Marine  
  95  6:42  SCV  
  95  6:46  Marine  
  92  6:47  Marine x3  
  92  6:49  Hellion x2, Medivac x2  
  92  6:50  Barracks Reactor x2  
  92  6:52  SCV x2  
  92  6:53  Terran Infantry Armor Level 2  
  105  6:54  SCV  
  105  6:55  Terran Infantry Weapons Level 2  
  90  7:19  Viking x2  
  90  7:20  SCV  
  90  7:21  SCV  
  94  7:23  SCV  
  94  7:24  Factory Tech Lab  
  94  7:25  Supply Depot  
  94  7:26  Marine x2, Marauder  
  94  7:27  Supply Depot  
  94  7:28  Barracks  
  94  7:29  Barracks, Terran Vehicle Weapons Level 1  
  99  7:30  Barracks  
  99  7:33  SCV  
  95  7:47  Marine x9  
  98  7:58  Infernal Pre-Igniter  
  90  8:05  Marine x9  
  91  8:07  Barracks  
  91  8:09  Barracks  
  99  8:16  Supply Depot  
  99  8:22  Hellbat  
  99  8:23  Barracks Tech Lab  
  101  8:37  SCV  
  101  8:38  Marine, Thor, SCV  
  109  8:52  Supply Depot  
  109  8:53  Marine x2  
  109  8:54  Supply Depot, Hellbat, Marauder, SCV x3  
  118  9:04  Barracks Tech Lab x2, Concussive Shells  
  118  9:05  Marauder  
  118  9:06  SCV  
  117  9:15  Marauder  
  119  9:23  Marauder x2  
  119  9:24  Refinery  
  127  9:26  Command Center  
  127  9:27  Marauder  
  131  9:31  Hellbat x2  
  131  9:36  Terran Infantry Weapons Level 3  
  131  9:37  Marine x4, Marauder  
  137  9:40  Hellbat  
  137  9:44  Marauder x2  
  128  9:54  Hellbat x2  
  128  9:59  Terran Infantry Armor Level 3  
  132  10:00  Marine x3, Marauder  
  132  10:01  Marine x4  
  141  10:19  Marine x2, SCV  
  98  10:29  Marine x9, Marauder  
  98  10:33  SCV x3  
  95  10:37  Marine x2  
  97  10:44  Hellbat x2  
  97  10:45  Hellbat, SCV x2  
  97  10:46  Marine  
  97  10:47  Marine x3  
  109  10:51  SCV  
  110  11:09  Hellbat x3  
  116  11:11  SCV  
  116  11:12  SCV  
  118  11:20  SCV  
  119  11:29  Missile Turret  
  119  11:30  Hellbat  
  119  11:32  Marauder  
  123  11:36  Hellbat  
  123  11:37  Thor  
  123  11:39  Medivac x2  
  135  11:47  SCV x3  
  138  11:59  SCV x3  
  108  12:20  Marine  
  108  12:21  Marine x10, Marauder  
  89  12:33  Hellbat x2  
  89  12:38  Marine  
  89  12:39  Hellbat, Marine x10  
  89  12:42  Marine  
  103  12:55  SCV  
  103  12:56  Marine  
  103  12:57  Marine x6, Marauder x2  
  115  12:59  Hellbat  
  95  13:19  Marine  
  96  13:20  Hellbat x2  
  96  13:21  Hellbat, Medivac x2  
  106  13:30  Marine  
  106  13:31  Marine  
  108  13:51  Medivac x2  
  108  13:52  Marine, Planetary Fortress  
  102  14:03  Marine x5, Marauder  
  102  14:04  Marine x3  
  102  14:05  Marauder  
  111  14:16  Marine, Marauder  
  112  14:21  Marine x8  
  120  14:24  Marine, Hellbat  
  120  14:25  Hellbat x2  
  120  14:26  Marine, Medivac  
  130  14:34  Marine  
  130  14:35  Missile Turret  
  130  14:37  Marine  
  132  14:38  Command Center  
  132  14:55  Marine x3, Marauder, Hellbat  
  132  14:56  Marauder  
  132  14:58  Hellbat  
  132  14:59  Medivac  
  132  15:00  Hellbat, Marauder  
  88  15:16  Marine, Marauder  
  88  15:17  Marine x9, Hellbat  
  88  15:19  Hellbat  
  88  15:21  Marine, Hellbat  
  101  15:27  Medivac  
  105  15:34  Marine x3  
  105  15:35  Marine, Marauder x2, Terran Vehicle Weapons Level 2  
  113  15:38  Marauder  
  113  15:41  Hellbat  
  119  15:49  Hellbat, Marauder  
  123  15:51  Thor  
  123  15:55  Liberator x2  
  127  16:01  Marine x5, Marauder x2  
  127  16:02  Hellbat  
  138  16:09  Marauder  
  138  16:11  Hellbat  
  141  16:17  Starport  
  132  16:40  Thor  
  132  16:44  Hellbat x2  
  132  16:59  Liberator  
  121  17:07  Liberator x2  
  112  17:13  Marauder  
  112  17:14  Marauder  
  116  17:20  Hellbat  
  117  17:23  Cyclone  
  125  17:32  Planetary Fortress  
  123  17:37  Orbital Command  
  123  17:42  Liberator  
  123  17:47  Marine  
  123  17:48  Marine  
  123  17:49  Marauder, Liberator  
  123  17:50  Hellbat  
  123  17:51  Hellbat  
  131  17:52  Liberator  
  131  17:57  Hellbat  
  136  18:12  Hellbat  
  144  18:23  Marauder  
  146  18:27  Orbital Command  
  146  18:35  Marine  
  146  18:41  Marauder  
  146  18:42  Marauder  
  146  18:43  Marauder  
  146  18:52  Liberator x2  
  146  18:53  Liberator  
  146  19:03  Marine  
  146  19:09  Marine x2  
  155  19:10  Marine x3  
  155  19:11  Supply Depot, Hellbat  
  155  19:12  Supply Depot  
  159  19:33  Marine x3  
  159  19:34  Hellbat  
  164  19:46  Marine x4  
  164  19:47  Marine x3  
  164  19:51  Marine  
  147  20:32  Missile Turret  
  147  20:47  Supply Depot  
  147  20:48  Supply Depot x2, Missile Turret  
  147  20:49  Supply Depot  
  147  20:51  Liberator  
  147  20:52  Liberator  
  144  20:59  Marine  
  144  21:03  Liberator  
  141  21:08  Marine x3  
  141  21:09  Marine x2  
  141  21:10  Thor  
  161  21:15  Orbital Command  
  161  21:19  Marine  
  161  21:20  Marine x4, Marauder  
  168  21:26  Marine x2  
  168  21:29  SCV  
  167  21:45  Marine  
  167  21:46  Marine x4  
Show
View Real Time Build Order
Export as new Build Order

SmelC Zerg 

Build Orders: Hatch First 

Get SALT Encoding   

  12  0:00  Drone  
  13  0:08  Drone  
  14  0:17  Overlord  
  14  0:22  Extractor  
  14  0:23  Drone  
  15  0:35  Drone x2  
  17  0:52  Hatchery  
  17  0:54  Drone  
  17  1:00  Extractor  
  16  1:10  Spawning Pool  
  15  1:13  Drone  
  15  1:16  Drone  
  17  1:20  Drone  
  18  1:26  Drone  
  19  1:37  Overlord  
  19  1:56  Queen  
  19  1:59  Metabolic Boost  
  21  2:01  Zergling x2  
  21  2:02  Zergling x2  
  21  2:06  Queen  
  25  2:10  Drone  
  25  2:12  Drone  
  27  2:16  Drone  
  27  2:21  Drone  
  29  2:27  Drone  
  30  2:31  Drone  
  30  2:46  Drone  
  30  2:47  Drone  
  30  2:49  Drone  
  32  2:56  Drone  
  33  3:00  Drone  
  33  3:03  Drone  
  33  3:05  Overlord  
  35  3:07  Drone  
  36  3:25  Drone x2  
  36  3:26  Drone x3, Hatchery  
  36  3:27  Drone x2  
  42  3:28  Drone  
  43  3:36  Drone  
  43  3:38  Drone, Evolution Chamber  
  43  3:39  Evolution Chamber  
  43  3:47  Overlord  
  43  3:48  Drone  
  43  3:55  Extractor  
  43  3:57  Drone  
  43  3:58  Overlord  
  43  4:01  Zergling x2  
  43  4:03  Overlord  
  43  4:04  Zerg Melee Weapons Level 1, Zerg Ground Armor Level 1  
  43  4:08  Overlord  
  43  4:10  Zergling x4  
  45  4:20  Drone  
  45  4:21  Zergling x6  
  45  4:23  Drone  
  50  4:29  Spore Crawler  
  50  4:30  Zergling x6  
  52  4:33  Drone  
  52  4:34  Baneling Nest  
  52  4:43  Overlord  
  52  4:44  Drone x2  
  54  4:47  Drone  
  54  4:48  Drone  
  54  4:49  Drone x2  
  54  4:52  Queen  
  60  4:53  Lair  
  60  4:59  Drone x2  
  63  5:00  Drone x2  
  63  5:05  Drone x2  
  66  5:10  Drone  
  66  5:11  Overlord  
  66  5:12  Drone x2  
  66  5:13  Drone  
  70  5:17  Drone  
  63  5:21  Drone  
  63  5:25  Drone  
  64  5:31  Queen  
  64  5:33  Zergling x4  
  64  5:34  Zergling x4  
  70  5:36  Zergling x2  
  70  5:41  Zergling x4  
  73  5:42  Extractor  
  73  5:45  Zergling x2, Hatchery  
  72  5:54  Overlord  
  72  5:56  Overlord  
  72  5:57  Pneumatized Carapace  
  72  6:01  Drone  
  72  6:03  Drone  
  74  6:06  Zergling x8  
  74  6:07  Zergling x10, Nydus Network  
  74  6:08  Zerg Melee Weapons Level 2  
  82  6:13  Baneling x3  
  82  6:16  Zergling x4  
  84  6:20  Overlord  
  84  6:21  Baneling  
  84  6:22  Baneling x2  
  84  6:23  Zergling x4  
  86  6:28  Overlord  
  86  6:31  Zergling x12  
  92  6:37  Overlord x2  
  92  6:38  Queen  
  94  6:43  Overlord  
  94  6:45  Nydus Canal  
  88  6:52  Zergling x2  
  88  6:53  Zergling x8  
  93  6:59  Overlord  
  91  7:02  Overlord  
  91  7:03  Overseer  
  91  7:06  Zergling x14  
  91  7:07  Zergling x2  
  91  7:08  Overlord, Centrifical Hooks  
  97  7:13  Overlord  
  96  7:16  Zergling x6  
  96  7:18  Nydus Canal  
  96  7:21  Zergling x6  
  102  7:24  Queen x2  
  102  7:27  Zergling x2  
  107  7:34  Zergling x4  
  107  7:35  Zergling x2  
  110  7:37  Zergling x2  
  110  7:41  Baneling x3  
  101  7:53  Zergling x18  
  95  7:59  Zergling x4  
  95  8:00  Zergling x4  
  95  8:02  Zerg Ground Armor Level 2  
  95  8:05  Drone x2  
  101  8:06  Infestation Pit  
  101  8:08  Drone x3  
  101  8:09  Queen x2  
  107  8:13  Overlord  
  107  8:16  Nydus Canal  
  107  8:27  Zergling x2  
  107  8:28  Zergling x14  
  107  8:31  Overlord  
  115  8:35  Zergling x8  
  115  8:39  Zergling x4  
  115  8:40  Overlord  
  120  8:41  Baneling  
  120  8:42  Baneling x8  
  120  8:45  Overlord  
  120  8:52  Nydus Canal  
  120  8:54  Queen  
  124  9:01  Queen x2  
  126  9:04  Zergling x12  
  126  9:05  Zergling x8  
  126  9:06  Overlord  
  131  9:11  Zergling x6  
  131  9:16  Zergling x4  
  136  9:17  Baneling  
  136  9:18  Baneling x7  
  136  9:19  Overlord  
  136  9:23  Overlord  
  136  9:30  Baneling x2  
  136  9:31  Baneling x2  
  136  9:36  Zergling x10  
  141  9:40  Overlord  
  131  9:48  Zergling x16  
  131  9:49  Zergling x2  
  131  9:51  Zergling x4  
  129  9:57  Baneling  
  129  9:58  Baneling x8  
  129  10:01  Zergling x12  
  129  10:02  Zergling x6  
  138  10:07  Zergling x8  
  138  10:13  Nydus Canal  
  142  10:15  Zergling x2  
  142  10:16  Zergling x2  
  129  10:28  Zergling x2  
  113  10:29  Zergling x2  
  113  10:30  Zergling x18  
  113  10:34  Queen  
  125  10:41  Extractor, Zergling x2  
  125  10:42  Extractor, Zergling x6  
  126  10:44  Nydus Canal  
  126  10:51  Zergling x8  
  126  10:56  Overlord  
  130  10:58  Hive  
  130  10:59  Zergling x12  
  134  11:04  Zergling x4  
  134  11:08  Zergling x4  
  138  11:15  Zergling x2  
  138  11:16  Zergling x2  
  139  11:18  Zergling x2  
  139  11:19  Zergling x2  
  139  11:20  Baneling  
  139  11:21  Baneling x7  
  139  11:22  Baneling x5  
  139  11:23  Baneling  
  141  11:37  Overlord  
  141  11:38  Overlord  
  141  11:39  Zergling x8  
  146  11:40  Zergling x2  
  146  11:46  Nydus Canal  
  146  11:49  Zergling x2  
  146  11:50  Zergling x10  
  146  11:52  Baneling x4  
  152  11:59  Zergling x8  
  152  12:01  Overlord  
  156  12:05  Zergling x6  
  120  12:22  Zergling x2  
  104  12:23  Zergling x20  
  104  12:27  Zergling x2  
  104  12:29  Zerg Melee Weapons Level 3  
  108  12:30  Zerg Ground Armor Level 3  
  108  12:33  Zergling x6  
  108  12:36  Zergling x6  
  110  12:37  Zergling x2  
  110  12:43  Baneling x7  
  107  12:45  Hatchery  
  104  12:53  Zergling x12  
  97  13:08  Zergling x4  
  97  13:09  Zergling x10, Queen x2  
  100  13:15  Zergling x6  
  100  13:18  Ultralisk Cavern  
  102  13:23  Zergling x6, Queen  
  102  13:24  Queen  
  109  13:27  Baneling x2  
  109  13:28  Baneling x5  
  109  13:33  Baneling  
  109  13:34  Baneling x13  
  109  13:35  Zergling x14  
  109  13:39  Overlord, Nydus Canal  
  116  13:42  Zergling x2  
  116  13:45  Overlord, Queen x2  
  121  13:49  Overlord  
  121  13:50  Zergling x2  
  122  13:55  Zergling x4  
  122  13:56  Zergling x6  
  122  14:02  Nydus Canal  
  121  14:04  Zergling x6  
  121  14:08  Queen x2  
  127  14:14  Chitinous Plating  
  123  14:17  Spire  
  123  14:20  Zergling x2  
  123  14:21  Zergling x10  
  124  14:28  Zergling x6  
  124  14:29  Zergling x8  
  131  14:33  Extractor x2  
  131  14:35  Ultralisk  
  135  14:40  Baneling x2  
  135  14:41  Baneling x3  
  135  14:42  Zergling x14  
  141  14:48  Zergling x4  
  141  14:49  Overlord, Zergling x2  
  141  14:51  Zergling x6  
  139  15:02  Zergling x16  
  125  15:07  Zergling x4  
  125  15:14  Zergling x12  
  123  15:19  Ultralisk  
  123  15:20  Baneling  
  123  15:21  Baneling x4  
  125  15:22  Baneling  
  125  15:28  Drone x4  
  129  15:35  Spine Crawler  
  128  15:36  Spore Crawler  
  127  15:52  Ultralisk  
  127  15:56  Overseer  
  133  16:03  Drone x2, Spine Crawler  
  133  16:04  Drone  
  135  16:05  Spine Crawler  
  134  16:13  Zergling x2, Spore Crawler  
  134  16:14  Zergling x18  
  143  16:19  Baneling  
  143  16:20  Baneling  
  116  16:35  Zergling x26  
  114  16:42  Zergling x6, Overseer  
  106  17:05  Zergling x2  
  106  17:06  Zergling x22  
  108  17:08  Queen  
  85  17:25  Ultralisk x2  
  91  17:36  Ultralisk  
  97  17:43  Zergling x2  
  97  17:44  Zergling x6  
  101  18:10  Hatchery  
  99  18:13  Zergling x12  
  99  18:14  Zergling x4  
  99  18:17  Nydus Canal  
  107  18:27  Zergling x18  
  110  18:47  Mutalisk  
  110  18:48  Mutalisk x6  
  118  18:57  Mutalisk x3  
  118  19:00  Zerg Flyer Weapons Level 1  
  124  19:20  Mutalisk x6  
  112  19:33  Ultralisk  
  116  19:47  Zergling x22  
  122  20:06  Ultralisk x2  
  118  20:19  Ultralisk  
  123  20:23  Baneling  
  123  20:24  Baneling x4  
  122  20:44  Ultralisk  
  103  21:04  Ultralisk  
  109  21:21  Zergling x10  
  109  21:34  Hatchery  
  109  21:37  Zergling x6  
  109  21:38  Zergling x6  
  112  21:50  Zergling x10  
  114  22:02  Zergling x4  
  114  22:03  Zergling x6  
Tags
 
Add a new tag
Caveats
  • Supply blocks, unpowered buildings, or Contaminate may cause inaccurate times.
  • Supply counts are checked every 10 seconds.